 Dungeon Crawl Stone Soup version 0.29.0-7-g18a832c13a (webtiles) character file.

Game seed: 7144682011571525959

7 SnakkuSnakku7 the Trooper (level 2, 0/25 HPs)
             Began as a Djinni Chaos Knight on Aug 31, 2022.
             Was a Plaything of Xom.
             Slain by a goblin
             ... wielding a +1 club of chaos
              (1 damage)
             ... on level 1 of the Dungeon.
             The game lasted 00:00:20 (157 turns).

SnakkuSnakku7 the Trooper (Djinni Chaos Knight)      Turns: 157, Time: 00:00:20

Health: 0/25       AC:  5    Str: 11    XL:     2   Next: 5%
Gold:   8          EV: 11    Int: 13    God:    Xom [*.....] SH:  0 Dex: 12

rFire   + + .      SeeInvis .   a - +0 falchion (chaos)
rCold   x . .      Faith    .   (no shield)
rNeg    . . .      Spirit   .   b - +2 leather armour
rPois   ∞          Reflect  .   (no helmet)
rElec   .          Harm     .   (no cloak)
rCorr   .          Rampage  .   (no gloves)
Will    .....                   (boots unavailable)
Stlth   +.........              (no amulet)
HPRegen 0.08/turn               (no ring)
MPRegen 0.00/turn               (no ring)

@: flying
A: sickness immunity, fire resistance 2, cold vulnerability 1, float, innate
caster, HP casting, extra vitality 1
a: Renounce Religion


You were on level 1 of the Dungeon.
You worshipped Xom.
You were a special plaything of Xom.
You visited 1 branch of the dungeon, and saw 1 of its levels.

You collected 8 gold pieces.

Inventory:

Hand Weapons
 a - a +0 falchion of chaos (weapon)
Armour
 b - a +2 leather armour (worn)
Potions
 d - 2 potions of brilliance {unknown}
Miscellaneous
 c - a piece from Xom's chessboard (15/15) (quivered)


   Skills:
 - Level 3.0 Fighting
 - Level 2.6 Long Blades
 - Level 1.0 Armour
 - Level 2.1 Dodging
 + Level 1.0 Spellcasting


You had 3 spell levels left.
You didn't know any spells.
Your spell library was empty.

Dungeon Overview and Level Annotations

Branches:
Dungeon (1/15)

Altars:


Innate Abilities, Weirdness & Mutations

You are immune to sickness and miasma.
You are immune to poison.
Your flesh is very heat resistant. (rF++)
You are vulnerable to cold. (rC-)
You float through the air rather than walking.
You learn spells naturally, not from books.
Your magical power is your life essence.
You have superior vitality. (+4 MHP)


Message History

The endoplasm is lightly wounded.
The endoplasm hits you but does no damage.
The endoplasm freezes you.
You are frozen.
You feel a terrible chill!
* * * LOW HITPOINT WARNING * * *
You hit the endoplasm. You freeze the endoplasm.
You kill the endoplasm!
Your Spellcasting skill increases to level 1!
You have reached level 2!
You start resting.
You almost hear Xom's maniacal laughter.
A monocle briefly appears over your right eye.
You are now a special plaything of Xom.
Found a stone staircase leading down.
Found a dagger.
d - 2 lumpy orange potions A goblin comes into view.
It is wielding a +0 club.
You see here 8 gold pieces.
A goblin is nearby!
A goblin is nearby!
A goblin is nearby!
You now have 8 gold pieces.
Xom chortles.
The goblin's +0 club erupts in a glittering mayhem of colour.
You closely miss the goblin.
The goblin hits you with a +1 club of chaos.
* * * LOW HITPOINT WARNING * * *
You hit the goblin but do no damage.
The goblin hits you with a +1 club of chaos.
* * * LOW HITPOINT WARNING * * *
The goblin freezes you.
* * * LOW HITPOINT WARNING * * *
You barely miss the goblin. The goblin closely misses you.
Unknown command.
You hit the goblin.
The goblin is severely wounded.
The goblin hits you but does no damage.
The goblin hits you with a +1 club of chaos.
You die... "Boring in life, boring in death..."

#.........#
#.
#.........#
##
####.>.####
#...# #...#
##.## # #.#
##
...########.#
##.
......g@....#
##..
....######..#
#... . #..#
#..♣ ...#
#.♣. ##.##
#.♣. #.# #.♣P
..# #.♣P ###
#.♣. ..♣.


You could see a goblin.

Vanquished Creatures
  A dart slug (D:1)
  An endoplasm (D:1)
  2 goblins (D:1)
4 creatures vanquished.

Notes
Turn   | Place    | Note
-------+----------+-------------------------------------------
     0 | D:1      | SnakkuSnakku7 the Djinni Chaos Knight began the quest for
                  | the Orb.
     0 | D:1      | Reached XP level 1. HP: 20/20 MP: 0/0
    53 | D:1      | Found a faded altar of an unknown god.
   130 | D:1      | Reached skill level 1 in Spellcasting
   130 | D:1      | Reached XP level 2. HP: 4/25 MP: 0/0
   134 | D:1      | XOM: silly message
   152 | D:1      | XOM: chaos upgrade
   155 | D:1      | HP: 1/25 [goblin/+1 club of chaos (1)]
   157 | D:1      | Slain by a goblin

Illustrated notes

Levels and vault maps discovered:
D:1:      scummos_arrival_checkerplants, layout_loops_corners,
          ebering_ecumenical_altar_petrified, minivault_25

Skill      XL: |  1 |
---------------+----+-----
Spellcasting   | 1 |  1.0
Fighting       | |  3.0
Long Blades    | |  2.6
Armour         | |  1.0
Dodging        | |  2.1

Action                   || total
-------------------------++-------
Melee: Falchion          ||    19
Armor: Leather armour    ||     7
Dodge: Dodged            ||     6
